 Dungeon Crawl Stone Soup version 0.31-a0-691-g409c26aa35 (webtiles) character file.

Game seed: 9381712575535564428

58 qw the Shooter (level 4, 0/28 HPs)
             Began as a Gargoyle Hunter on Sept 6, 2023.
             Slain by Terence
             ... wielding a +0 hand axe
              (3 damage)
             ... on level 2 of the Dungeon.
             The game lasted 00:00:32 (983 turns).

qw the Shooter (Gargoyle Hunter)                     Turns: 983, Time: 00:00:32

Health: 0/28       AC: 10    Str: 15    XL:     4   Next: 1%
Magic:  4/4        EV: 11    Int:  9    God:
Gold:   74         SH:  0    Dex: 15    Spells: 3/3 levels left

rFire   . . .        Y - +0 shortbow
rCold   . . .        (shield currently unavailable)
rNeg    + . .        f - +0 ring mail
rPois   inf          i - +1 hat
rElec   +            d - +0 cloak
rCorr   .            (no gloves)
SInv    .            (no boots)
Will    .....        (no amulet)
Stlth   +            (no ring)
HPRegen 0.24/turn    (no ring)
MPRegen 0.09/turn

%: no passive effects
@: no status effects
A: sickness immunity, AC +3, negative energy resistance 1, electricity
resistance, torment resistance 1, petrification resistance
a: no special abilities


You were on level 2 of the Dungeon.
You visited 1 branch of the dungeon, and saw 2 of its levels.

You collected 74 gold pieces.


Innate Abilities, Weirdness & Mutations

You are immune to sickness and miasma.
Your stone body is resilient. (AC +3)
You are immune to poison.
You resist negative energy. (rN+)
You are resistant to electric shocks. (rElec)
You are resistant to unholy torment.
You are immune to petrification.


   Skills:
 - Level 3.0 Fighting
 + Level 5.0 Ranged Weapons
 - Level 1.0 Armour
 - Level 1.5 Dodging
 - Level 1.1 Stealth


You had 3 spell levels left.
You didn't know any spells.
Your spell library was empty.

Inventory:

Hand Weapons
 Y - a +0 shortbow (weapon)
Armour
 d - a +0 cloak (worn)
 f - a +0 ring mail (worn)
 i - a +1 hat (worn)
Jewellery
 e - a ring of fire
Scrolls
 a - a scroll of blinking {unknown}
Potions
 j - a potion of curing {unknown}

Dungeon Overview and Level Annotations

Branches:
Dungeon (2/15)

Altars:

Shops:
D:1 ?

Annotations:
D:1 2 transporters
D:2 Terence


Message History

You shoot an arrow. The arrow closely misses Terence.
Terence hits you with a +0 hand axe.
You shoot an arrow. The arrow closely misses Terence.
Terence hits you but does no damage.
You shoot an arrow. The arrow closely misses Terence.
Terence closely misses you. x2
You shoot an arrow. The arrow hits Terence.
Terence is heavily wounded.
Terence hits you with a +0 hand axe.
You shoot an arrow.
The arrow hits Terence but does no damage.
Terence is heavily wounded.
Terence hits you but does no damage.
You shoot an arrow. The arrow hits Terence.
Terence is heavily wounded.
Terence hits you but does no damage.
You shoot an arrow. The arrow hits Terence.
Terence is severely wounded.
Terence hits you with a +0 hand axe. x2
You shoot an arrow.
The arrow hits Terence but does no damage.
Terence is severely wounded.
Terence hits you with a +0 hand axe.
You shoot an arrow. The arrow hits Terence.
Terence is almost dead.
Terence misses you.
You shoot an arrow.
The arrow hits Terence but does no damage.
Terence is almost dead.
Terence hits you but does no damage. Terence barely misses you.
You shoot an arrow. The arrow hits Terence.
Terence is almost dead.
Terence barely misses you.
You shoot an arrow.
The arrow hits Terence but does no damage.
Terence is almost dead.
Terence hits you with a +0 hand axe.
You shoot an arrow. The arrow closely misses Terence.
Terence hits you with a +0 hand axe.
You die...

#....# #.#.
#.########.#.
#.#........#<
#....#####.#.
######.###..###...#.
#...##............#.
#...###########...##
#...@..............(
#..@#############.##
#.............#..<..
#.......#####.>...%.
#.......#####.#.#...
#.......##....#.#.#.
#......###....#.#.#.
##########....#.#.#.
#........#.#.#.
#........#.#.#.


You could see Terence.

Vanquished Creatures
  An adder (D:2)
  A worm (D:2)
  2 dart slugs (D:1)
  7 ball pythons
  2 bats (D:1)
  6 endoplasms
  3 giant cockroaches (D:2)
  2 goblins
  5 hobgoblins
  4 frilled lizards (D:1)
  3 kobolds
  A rat (D:1)
37 creatures vanquished.

Notes
Turn   | Place    | Note
-------+----------+-------------------------------------------
     0 | D:1      | qw the Gargoyle Hunter began the quest for the Orb.
     0 | D:1      | Reached XP level 1. HP: 12/12 MP: 1/1
     0 | D:1      | 0 ||| qw: Version: 0.3-a-76-g4403597
     0 | D:1      | 0 ||| qw: Game counter: 23
     0 | D:1      | 0 ||| qw: Melee chars always use a shield: true
     0 | D:1      | 0 ||| qw: God list: Okawaru
     0 | D:1      | 0 ||| qw: Allow faded altars: false
     0 | D:1      | 0 ||| qw: Do Orc after clearing Dungeon:15 true
     0 | D:1      | 0 ||| qw: Do second Lair branch before Depths: true
     0 | D:1      | 0 ||| qw: Lair rune preference: random
     0 | D:1      | 0 ||| qw: Goals: Normal
     0 | D:1      | 0 ||| PLANNING D:1-11
    73 | D:1      | Found Eblieng's Magic Scroll Shop.
    82 | D:1      | 82 ||| SHOPLISTING scroll of brand weapon (123 gold, have
                  | 0).
    82 | D:1      | 82 ||| SHOPLISTING scroll of teleportation (39 gold, have
                  | 0).
   115 | D:1      | Reached XP level 2. HP: 17/17 MP: 2/2
   271 | D:1      | Reached XP level 3. HP: 21/21 MP: 3/3
   427 | D:1      | Reached skill level 5 in Ranged Weapons
   491 | D:1      | 491 ||| UPGRADING to +0 cloak.
   496 | D:1      | 496 ||| UPGRADING to +0 ring mail.
   506 | D:1      | 506 ||| DROPPING +0 leather armour.
   507 | D:1      | 507 ||| UPGRADING to +1 hat.
   512 | D:1      | 512 ||| READING scroll labelled EPLUPEMUGG.
   513 | D:1      | 513 ||| DRINKING 2 gluggy blue potions.
   514 | D:1      | 514 ||| DROPPING scroll of butterflies.
   515 | D:1      | 515 ||| DROPPING potion of magic.
   563 | D:2      | 563 ||| STAIRDANCE
   571 | D:2      | 571 ||| STAIRDANCE
   679 | D:2      | Reached skill level 1 in Armour
   938 | D:2      | Reached skill level 3 in Fighting
   938 | D:2      | Reached XP level 4. HP: 28/28 MP: 4/4
   963 | D:2      | Noticed Terence
   978 | D:2      | HP: 3/28 [Terence/+0 hand axe (5)]
   983 | D:2      | Slain by Terence

Levels and vault maps discovered:
D:1:      spicycebolla_arrival_transporter_tutorial, layout_basic, serial_shops,
          shop, hangedman_decor_opposing
D:2:      layout_basic, uniq_terence

Skill      XL: |  1  2  3 |
---------------+----------+-----
Ranged Weapons | 5 |  5.0
Armour         | 1 |  1.0
Fighting       | 3 |  3.0
Dodging        | |  1.5
Stealth        | |  1.1

Action                     |  1- 3 |  4- 6 || total
---------------------------+-------+-------++-------
   Fire: Shortbow          |   117 |    20 ||   137
    Use: Scroll            |     1 |       ||     1
         Potion            |     1 |       ||     1
 Armour: Leather armour    |    19 |       ||    19
         Ring mail         |    15 |    17 ||    32
  Dodge: Dodged            |    31 |     8 ||    39

Table legend:
 A = Non-vault XP
 B = Vault XP
 C = Vault XP percentage of total XP
 D = Non-vault monster count
 E = Vault monster count
 F = Vault count percentage of total count
                 A         B        C        D         E       F
            +---------+---------+-------+---------+---------+-------
      Total |      83 |       0 |   0.0 |      37 |       0 |   0.0
            +---------+---------+-------+---------+---------+-------
        D:1 |      43 |       0 |   0.0 |      24 |       0 |   0.0
        D:2 |      40 |       0 |   0.0 |      13 |       0 |   0.0
            +---------+---------+-------+---------+---------+-------
